 Dungeon Crawl Stone Soup version 0.22.1-1-ga44c0e5 (webtiles) character file.

139 Lauz the Chopper (level 5, -7/46 HPs)
             Began as a Minotaur Fighter on Nov 4, 2018.
             Was an Initiate of Trog.
             Mangled by an orc warrior
             ... wielding a +0 glaive
              (8 damage)
             ... on level 4 of the Dungeon.
             The game lasted 00:04:00 (2245 turns).

Lauz the Chopper (Minotaur Fighter)                 Turns: 2245, Time: 00:04:00

Health: -7/46      AC:  7    Str: 21    XL:     5   Next: 1%
Magic:  4/4        EV:  7    Int:  5    God:    Trog [......]
Gold:   114        SH:  9    Dex: 10    Spells: 4/4 levels left

rFire    . . .     SeeInvis .   a - +0 war axe
rCold    . . .     Gourm    .   c - +0 shield
rNeg     . . .     Faith    .   b - +0 scale mail
rPois    .         Spirit   .   (helmet restricted)
rElec    .         Reflect  .   (no cloak)
rCorr    .         Harm     .   (no gloves)
MR       .....                  (no boots)
Stlth    ..........             (no amulet)
HPRegen  0.15/turn              (no ring)
MPRegen  0.09/turn              (no ring)

@: flying, hasted, very quick
A: retaliatory headbutt, horns 2
a: Renounce Religion


You were on level 4 of the Dungeon.
You worshipped Trog.
Trog was noncommittal.
You were near starving.

You visited 1 branch of the dungeon, and saw 4 of its levels.

You collected 114 gold pieces.

Inventory:

Hand Weapons
 a - a +0 war axe (weapon)
Missiles
 k - 5 javelins (quivered)
Armour
 b - a +0 scale mail (worn)
 c - a +0 shield (worn)
Jewellery
 r - an uncursed amulet of the acrobat {unknown}
Scrolls
 e - 2 scrolls of identify
 h - 2 scrolls of remove curse {unknown}
 l - a scroll of fear {unknown}
 n - a scroll of fog {unknown}
 p - a scroll of blinking {unknown}
 t - a scroll of immolation {unknown}
Potions
 d - a potion of might
 g - a potion of lignification
 i - a potion of magic
 o - a potion of ambrosia {unknown}
 q - a potion of curing {unknown}
 s - a potion of degeneration {unknown}
Comestibles
 f - 6 rations


   Skills:
 + Level 4.1 Fighting
 * Level 4.9 Axes
 + Level 4.2 Armour
 + Level 0.2 Dodging
 + Level 4.4 Shields


You had 4 spell levels left.
You didn't know any spells.
Your spell library was empty.

Dungeon Overview and Level Annotations

Branches:
Dungeon (4/15)
 Temple: D:4-7

Altars:
Fedhas
Okawaru
Ru
Trog
Uskayaw


Innate Abilities, Weirdness & Mutations

You reflexively headbutt those who attack you in melee.
You have a pair of horns on your head.


Message History

Things that are here:
a hand axe; a leather armour; a club Your shield and scale mail prevent you from hitting the orc warrior.
Your headbutt misses the orc warrior.
The orc warrior hits you with a glaive!!
* * * LOW HITPOINT WARNING * * *
You are too injured to fight recklessly!
You are too injured to fight recklessly!
Okay, then.
Okay, then.
You closely miss the orc warrior. You headbutt the orc warrior.
The orc warrior is lightly wounded.
The orc warrior hits you with a glaive!
* * * LOW HITPOINT WARNING * * *
It was a potion of flight.
You feel very buoyant.
You fly up into the air.
It was a potion of haste.
You feel yourself speed up. The orc warrior hits you with a glaive!
You die...

....#+###.......#......<
..............##########
..............#
..............#
..............#
####....###+### #....#
+....# #...@# #...o....#
#........# #........#
#..?.....# ###+#....#
....# ....#


You could see an orc warrior.

Vanquished Creatures
  4 adders
  6 oozes
  An adder skeleton (D:3)
  2 leopard geckos
  5 orcs
  7 bats
  3 giant cockroaches
  7 goblins
  5 hobgoblins
  4 jackals
  A quokka (D:3)
  4 ball pythons
  6 kobolds
  15 rats
70 creatures vanquished.

Notes
Turn   | Place    | Note
-------+----------+-------------------------------------------
     0 | D:1      | Lauz the Minotaur Fighter began the quest for the Orb.
     0 | D:1      | Reached XP level 1. HP: 19/19 MP: 0/0
    53 | D:1      | Reached XP level 2. HP: 27/27 MP: 1/1
   524 | D:1      | Reached XP level 3. HP: 30/33 MP: 2/2
   740 | D:2      | Found a blossoming altar of Fedhas.
   740 | D:2      | Found a sacrificial altar of Ru.
   741 | D:2      | Found a hide-covered altar of Uskayaw.
   997 | D:2      | Reached XP level 4. HP: 40/40 MP: 3/3
  1182 | D:2      | Found a bloodstained altar of Trog.
  1191 | D:2      | Found an iron altar of Okawaru.
  1200 | D:2      | Became a worshipper of Trog the Wrathful
  1790 | D:3      | Reached * piety under Trog
  2235 | D:4      | Noticed an orc warrior
  2239 | D:4      | Reached XP level 5. HP: 41/46 MP: 4/4
  2243 | D:4      | HP: 1/46 [orc warrior/glaive (11)]
  2245 | D:4      | Mangled by an orc warrior

Skill      XL: |  1  2  3  4 |
---------------+-------------+-----
Axes           | 3 4 |  4.9
Armour         | 4 |  4.2
Fighting       | 4 |  4.1
Shields        | 4 |  4.4
Dodging        | |  0.2

Action                   |  1- 3 |  4- 6 || total
-------------------------+-------+-------++-------
Melee: War axe           |    97 |    89 ||   186
       Headbutt          |    12 |     8 ||    20
  Use: Scroll            |       |     2 ||     2
       Potion            |       |     2 ||     2
  Eat: Chunk             |       |     3 ||     3
Armor: Scale mail        |    35 |    39 ||    74
Dodge: Dodged            |    26 |    27 ||    53
Block: Shield            |    42 |    51 ||    93
